 Dungeon Crawl Stone Soup version 0.24.1-14-gf8d2b509d9 (webtiles) character file.

Game seed: 847120335454174308, levelgen mode: deterministic

513 sahdkjhfkaj the Thaumaturge (level 7, -3/36 HPs)
             Began as a Deep Elf Wizard on Mar 20, 2021.
             Was an Initiate of Sif Muna.
             Slain by an orc
             ... wielding a +0 hand axe
              (5 damage)
             ... on level 4 of the Dungeon.
             The game lasted 00:07:22 (5901 turns).

sahdkjhfkaj the Thaumaturge (Deep Elf Wizard)       Turns: 5901, Time: 00:07:24

Health: -3/36      AC:  3    Str:  4    XL:     7   Next: 0%
Magic:  7/32       EV: 14    Int: 25    God:    Sif Muna [......]
Gold:   159        SH:  0    Dex: 13    Spells: 14/27 levels left

rFire    . . .     SeeInvis .   e - +0 dagger (elec)
rCold    . . .     Gourm    .   (no shield)
rNeg     . . .     Faith    .   a - +0 robe
rPois    .         Spirit   .   b - +1 hat
rElec    .         Reflect  .   (no cloak)
rCorr    .         Harm     .   (no gloves)
MR       .....                  (no boots)
Stlth    ++........             (no amulet)
HPRegen  0.12/turn              c - ring of magical power
MPRegen  0.23/turn              p - +1 ring of evasion

@: very slightly contaminated
A: no striking features
a: Renounce Religion


You were on level 4 of the Dungeon.
You worshipped Sif Muna.
Sif Muna was noncommittal.
You were not hungry.

You visited 1 branch of the dungeon, and saw 4 of its levels.

You collected 159 gold pieces.

Inventory:

Hand Weapons
 e - a +0 dagger of electrocution (weapon)
Armour
 a - a +0 robe (worn)
 b - a +1 hat (worn)
Jewellery
 c - a ring of magical power (left hand)
 m - a +3 ring of dexterity
 p - a +1 ring of evasion (right hand)
 s - a cursed amulet of inaccuracy {unknown}
Scrolls
 f - a scroll of immolation
 g - 4 scrolls of remove curse
 h - a scroll of enchant armour
 l - a scroll of teleportation
 n - a scroll of amnesia
 q - a scroll of blinking {unknown}
 u - a scroll of fog {unknown}
Potions
 i - a potion of brilliance {unknown}
 k - 3 potions of lignification
 o - a potion of degeneration {unknown}
 t - a potion of agility {unknown}
Comestibles
 d - 5 rations


   Skills:
 - Level 2.4 Dodging
 - Level 2.4 Stealth
 + Level 10.5 Spellcasting
 - Level 1.1 Conjurations
 - Level 1.1 Summonings
 - Level 1.1 Translocations


You had 14 spell levels left.
You knew the following spells:

 Your Spells              Type           Power        Failure   Level  Hunger
a - Magic Dart            Conj           ###.         3%          1    None
b - Blink                 Tloc           N/A          4%          2    None
c - Call Imp              Summ           ###.....     4%          2    None
d - Slow                  Hex            ##......     7%          2    None
e - Conjure Flame         Conj/Fire      ###.....     11%         3    None
f - Mephitic Cloud        Conj/Pois/Air  ###.....     12%         3    None

Your spell library contained the following spells:

 Spells                   Type           Power        Failure   Level  Hunger


Dungeon Overview and Level Annotations

Branches:
Dungeon (4/15)
 Temple: D:4-7

Altars:
Hepliaklqana
Kikubaaqudgha
Qazlal
Sif Muna
Vehumet
Wu Jian


Message History

The orc is heavily wounded.
The orc hits you but does no damage. x2
You hit the orc but do no damage.
The orc is heavily wounded.
The orc hits you but does no damage. x2
You hit the orc but do no damage.
The orc is heavily wounded.
The orc completely misses you.
You barely miss the orc.
The orc is heavily wounded.
The orc hits you but does no damage. The orc hits you with a +0 short sword.
* * * LOW HITPOINT WARNING * * *
You hit the orc.
The orc is severely wounded.
You feel less wooden.
Your +1 hat unmelds from your body.
Your +0 robe unmelds from your body.
The orc hits you with a +0 short sword!
* * * LOW HITPOINT WARNING * * *
The orc hits you with a +0 hand axe.
You die...

..............## #.....# #.#
.#.#.#.#.#.#.#.# #.....####.#
...............## #.....'..#.#
#.#.#.#.#.#.#.#.###.....##.#.#
.........o......#.......'..#.#
.#.#.#.#.#.#.#....#.....####.#
.......o......###.#.....'....#
#.#.#.#.#.#.#.###o#.....######
..............)o@.#.....#
.#.#.#.#.#.#.######.....#
............## #######
#.#.#.#.#.#.# ...........##
.#.#.#.#.#.# ..........##
..........# ###########


You could see 2 orcs.

Vanquished Creatures
  A scorpion (D:4)
  2 hounds (D:4)
  2 orc priests
  5 orc wizards (D:4)
  A worker ant (D:4)
  A howler monkey skeleton (D:4)
  7 adders
  An ooze (D:1)
  2 worms
  6 dart slugs
  3 leopard geckos
  14 orcs
  A ball python (D:3)
  4 bats
  A giant cockroach (D:2)
  5 goblins
  10 hobgoblins
  8 jackals
  14 kobolds
  2 frilled lizards
  4 rats
94 creatures vanquished.

Vanquished Creatures (collateral kills)
  A worm (D:2)
1 creature vanquished.

Vanquished Creatures (others)
  10 fungi (D:4)
10 creatures vanquished.

Grand Total: 105 creatures vanquished

Notes
Turn   | Place    | Note
-------+----------+-------------------------------------------
     0 | D:1      | sahdkjhfkaj the Deep Elf Wizard began the quest for the
                  | Orb.
     0 | D:1      | Reached XP level 1. HP: 10/10 MP: 7/7
   164 | D:1      | Reached skill level 5 in Spellcasting
   224 | D:1      | Reached XP level 2. HP: 15/15 MP: 8/10
   266 | D:1      | Learned a level 2 spell: Blink
   269 | D:1      | Learned a level 2 spell: Call Imp
   272 | D:1      | Learned a level 2 spell: Slow
   890 | D:1      | Reached XP level 3. HP: 19/19 MP: 8/12
   934 | D:1      | Reached skill level 6 in Spellcasting
   939 | D:1      | Learned a level 3 spell: Conjure Flame
   943 | D:1      | Learned a level 3 spell: Mephitic Cloud
  1704 | D:2      | Reached XP level 4. HP: 21/24 MP: 14/14
  1756 | D:2      | Reached skill level 7 in Spellcasting
  2063 | D:2      | Found an ancient bone altar of Kikubaaqudgha.
  2928 | D:3      | Reached XP level 5. HP: 14/28 MP: 7/17
  3659 | D:3      | Reached skill level 8 in Spellcasting
  3807 | D:3      | Found an ornate altar of the Wu Jian Council.
  3808 | D:3      | Found a radiant altar of Vehumet.
  3808 | D:3      | Found a stormy altar of Qazlal.
  4300 | D:4      | Reached skill level 9 in Spellcasting
  4535 | D:4      | Reached XP level 6. HP: 32/32 MP: 20/20
  4964 | D:4      | Found a shimmering blue altar of Sif Muna.
  4964 | D:4      | Found a hazy altar of Hepliaklqana.
  5146 | D:4      | Became a worshipper of Sif Muna the Loreminder
  5871 | D:4      | Reached skill level 10 in Spellcasting
  5895 | D:4      | Reached XP level 7. HP: 14/36 MP: 6/23
  5901 | D:4      | Slain by an orc

Levels and vault maps discovered:
D:1:      lordsloth_arrival_two_stooges, layout_basic
D:2:      layout_loops_ring, nicolae_overflow_crystal_walls, first_ration
D:3:      layout_basic, chequers_temple_overflow_statue_of_worship,
          kennysheep_generic_room_16
D:4:      old_forge, layout_basic, gammafunk_temple_overflow_elements, hex_large

Skill      XL: |  1  2  3  4  5  6 |
---------------+-------------------+-----
Spellcasting   | 5 6 7 9 10 | 10.5
Dodging        | |  2.4
Stealth        | |  2.4
Conjurations   | |  1.1
Summonings     | |  1.1
Translocations | |  1.1

Action                   |  1- 3 |  4- 6 |  7- 9 || total
-------------------------+-------+-------+-------++-------
Melee: Dagger            |       |    10 |     6 ||    16
 Cast: Magic Dart        |    88 |   244 |       ||   332
       Call Imp          |     2 |     5 |       ||     7
       Mephitic Cloud    |       |     4 |       ||     4
       Slow              |       |     1 |       ||     1
       Conjure Flame     |       |     5 |       ||     5
       Blink             |       |     3 |       ||     3
  Use: Scroll            |       |     5 |       ||     5
       Potion            |       |     2 |       ||     2
  Eat: Chunk             |     2 |     7 |       ||     9
       Ration            |       |     2 |       ||     2
Armor: Robe              |       |     5 |       ||     5
       Skin              |       |    12 |     5 ||    17
Dodge: Dodged            |     7 |    52 |     1 ||    60
